 Dungeon Crawl Stone Soup version 0.28-a0-845-gfc338a8e3c (webtiles) character file.

Game seed: 11622269362700342589

18328 avis the Grappler (level 12, 0/104 HPs)
             Began as an Octopode Transmuter on Nov 12, 2021.
             Was an Initiate of Gozag.
             Slain by an entropy weaver simulacrum (6 damage)
             ... in an ice cave.
             The game lasted 01:25:45 (17171 turns).

avis the Grappler (Octopode Transmuter)            Turns: 17171, Time: 01:25:45

Health: 0/104      AC: 18    Str: 14    XL:     12   Next: 57%
Magic:  18/18      EV: 13    Int: 16    God:    Gozag
Gold:   847        SH:  0    Dex: 12    Spells: 8/19 levels left

rFire   x . .      SeeInvis .     - Unarmed
rCold   + + +      Faith    .   (shield currently unavailable)
rNeg    . . .      Spirit   .   (helmet currently unavailable)
rPois   +          Reflect  .   o - amulet of magic regeneration
rElec   .          Harm     .   v - +4 ring of protection
rCorr   .          Rampage  .   E - ring of poison resistance
Will    .....                   (no ring)
Stlth   +++.......              (no ring)
HPRegen 0.27/turn               (no ring)
MPRegen 0.41/turn               (no ring)
                                (no ring)
                                (no ring)

@: ice-armoured, ice-form, gold aura
A: freezing attack, boosted hp, almost no armour, amphibious, 8 rings, large,
(camouflage 1), (gelatinous body 1), (nimble swimmer 1), (tentacles)
a: End Transformation, Renounce Religion, Potion Petition, Call Merchant, Bribe
Branch


You were in an ice cave.
You worshipped Gozag.
Gozag was pleased with you.
You were a creature of crystalline ice.
You visited 3 branches of the dungeon, and saw 12 of its levels.
You also visited: Ice Cave.

You collected 1648 gold pieces.
You spent 744 gold pieces at shops.
You paid 57 gold pieces to Gozag.

Inventory:

Hand Weapons
 b - a +3 whip of electrocution
 g - a +2 flail of holy wrath
 x - a +0 hand crossbow
 G - a +3 battleaxe
 L - a +1 scimitar of freezing
 M - a +2 dagger of distortion
 N - a +0 falchion of freezing
Missiles
 j - 39 arrows
 n - 40 poisoned darts
 q - 5 silver javelins
 t - 46 bolts
 w - 3 boomerangs
 y - 17 sling bullets
 H - 14 stones
 J - a curare-tipped dart
Jewellery
 o - an amulet of magic regeneration (around neck)
 v - a +4 ring of protection (left front paw)
 E - a ring of poison resistance (right front paw)
 F - an amulet of magic regeneration
 I - an amulet of magic regeneration
Wands
 a - a wand of flame (31)
 e - a wand of acid (6)
 l - a wand of polymorph (12)
Scrolls
 d - 2 scrolls of magic mapping
 f - a scroll of fear {unknown}
 h - 3 scrolls of teleportation
 B - 2 scrolls of brand weapon {unknown}
 C - a scroll of vulnerability {unknown}
 D - a scroll of fog {unknown}
 O - a scroll of identify
Potions
 c - 2 potions of brilliance
 i - a potion of invisibility {unknown}
 k - 2 potions of attraction
 m - 2 potions of flight
 p - 2 potions of might
 r - a potion of lignification {unknown}
 s - a potion of heal wounds
 u - a potion of magic {unknown}
 z - 2 potions of degeneration
 A - a potion of resistance {unknown}
 K - a potion of haste


   Skills:
 - Level 10.0 Fighting
 - Level 10.0 Dodging
 - Level 5.0 Stealth
 * Level 11.8 Unarmed Combat
 - Level 4.0 Spellcasting
 - Level 6.0 Transmutations
 - Level 6.0 Ice Magic
 - Level 2.0 Poison Magic


You had 8 spell levels left.
You knew the following spells:

 Your Spells              Type           Power      Damage    Failure   Level
a - Beastly Appendage     Tmut           44%        N/A       1%          1
o - Ozocubu's Armour      Ice            22%        N/A       4%          3
p - Spider Form           Tmut/Pois      16%        N/A       10%         3
q - Ice Form              Ice/Tmut       22%        N/A       14%         4

Your spell library contained the following spells:

 Spells                   Type           Power      Damage    Failure   Level
 Wereblood                Tmut           22%        N/A       2%          2
 Apportation              Tloc           6%         N/A       17%         1
 Foxfire                  Conj/Fire      12%        2x1d4     17%         1
 Sublimation of Blood     Necr           3%         N/A       26%         2
 Hailstorm                Conj/Ice       12%        3d5       43%         4
 Alistair's Intoxication  Tmut/Pois      10%        N/A       65%         5
 Irradiate                Conj/Tmut      6%         3d16      80%         5
 Dispel Undead            Necr           3%         3d7       86%         4
 Conjure Ball Lightning   Conj/Air       1%         3x3d6     100%        6
 Simulacrum               Ice/Necr       6%         N/A       100%        6
 Ozocubu's Refrigeration  Ice            11%        4d7       100%        7
 Summon Hydra             Summ           1%         N/A       100%        7


Dungeon Overview and Level Annotations

Branches:
Dungeon (9/15)             Temple (1/1) D:5            Lair (2/6) D:9
  IceCv (1/1)
  Swamp: Lair:2-4    Shoals: Lair:2-4     Snake: Lair:2-4    Spider: Lair:2-4
    Orc: D:9-12

Altars:
Ashenzari
Cheibriados
Dithmenos
Elyvilon
Fedhas
Gozag
Hepliaklqana
Kikubaaqudgha
Makhleb
Nemelex Xobeh
Okawaru
Qazlal
Ru
Sif Muna
Trog
Uskayaw
Wu Jian
Xom
Yredelemnul
Zin
The Shining One

Shops:
D:3 =   D:4 (   D:5 *   D:7 [   D:9 *

Annotations:
D:2 Glass case
D:6 2 runed translucent doors
D:8 glass case IceCv exclusion: ice statue


Innate Abilities, Weirdness & Mutations

You are a creature of crystalline ice.
You have a powerful freezing melee attack.
Your maximum health is increased.
Your armour is entirely melded.
You are incapable of wielding weapons or throwing items.
You cannot wear most types of armour.
You are amphibious.
You can wear up to eight rings at the same time.
((Your skin changes colour to match your surroundings (Stealth+).))
((Your rubbery body absorbs attacks. (AC +1, EV +1)))
((You are camouflaged near water. (Stealth+)))
((You have tentacles for arms and can constrict up to eight enemies at once.))


Message History

You kill the ice devil!
You pummel the ice beast!!
You kill the ice beast!
The ice beast disappears in a puff of smoke!
The cane toad simulacrum hits you but does no damage.
You hit the entropy weaver simulacrum.
The entropy weaver simulacrum is lightly damaged.
The cane toad simulacrum hits you but does no damage.
You hit the entropy weaver simulacrum but do no damage.
The entropy weaver simulacrum is lightly damaged.
The entropy weaver simulacrum hits you but does no damage.
The entropy weaver simulacrum hits you.
The entropy weaver simulacrum freezes you.
You resist.
* * * LOW HITPOINT WARNING * * *
The entropy weaver simulacrum closely misses you.
The entropy weaver simulacrum hits you.
* * * LOW HITPOINT WARNING * * *
The entropy weaver simulacrum freezes you.
You resist.
* * * LOW HITPOINT WARNING * * *
The cane toad simulacrum barely misses you.
You hit the entropy weaver simulacrum.
The entropy weaver simulacrum is lightly damaged.
The entropy weaver simulacrum hits you.
* * * LOW HITPOINT WARNING * * *
The entropy weaver simulacrum freezes you.
You resist.
* * * LOW HITPOINT WARNING * * *
The entropy weaver simulacrum hits you.
* * * LOW HITPOINT WARNING * * *
The entropy weaver simulacrum freezes you.
You resist.
* * * LOW HITPOINT WARNING * * *
The entropy weaver simulacrum hits you.
* * * LOW HITPOINT WARNING * * *
The entropy weaver simulacrum freezes you.
You resist.
You die...
Your body crumbles into a pile of gold.

.## $ #.4.○.##
.8# #.8.Z°.#
..# #..Z○°.##
..# $
#....#..# ..#
#.4.Z##.##
.8#####
..p...##.Z##
...#..###..4.#
##ZZ#
...#...###.##
#ZZ##
#....#..###
##Y##
##...#..#
##..# ##.##..#
#..## ###..##
##.## #
##..######
#..# # #..##
#.[# ##.##
####..###..#
#..# .#
##..#8..##
#..# .##
##......# ##.#


You could see a death yak simulacrum, 2 elephant simulacra, a cane toad
simulacrum and an entropy weaver simulacrum.

Vanquished Creatures
  A hydra (Lair:1)
  8 death yaks
  An ugly thing (IceCv)
  A necromancer (IceCv)
  Pikel (D:4)
  A cane toad (Lair:1)
  2 freezing wraiths (IceCv)
  13 ice devils (IceCv)
  An anaconda simulacrum (IceCv)
  Prince Ribbit (D:5)
  4 wyverns
  10 yaks
  4 dire elephant simulacra (IceCv)
  3 steam dragons
  Menkaure (D:4)
  5 death yak simulacra (IceCv)
  A harpy simulacrum (IceCv)
  Edmund (D:5)
  2 water moccasins
  Duvessa (D:6)
  3 orc warriors
  A sky beast (D:7)
  An ice beast (D:8)
  3 necrophages
  2 centaurs
  A phantom (D:4)
  2 lemures (D:3)
  Blork the orc (D:4)
  A kobold brigand (D:9)
  6 bullfrogs
  Dowan (D:6)
  A scorpion (D:4)
  3 two-headed ogre simulacra (IceCv)
  4 cane toad simulacra (IceCv)
  2 elephant simulacra (IceCv)
  4 wights (D:9)
  5 howler monkeys
  A vampire bat (D:5)
  4 orc priests
  A hound (D:7)
  A jelly (D:5)
  A centaur skeleton (D:4)
  Ijyb (D:5)
  4 iguanas
  6 orc wizards
  3 polar bear simulacra (IceCv)
  2 troll simulacra (IceCv)
  2 wolf simulacra (IceCv)
  A killer bee zombie (D:5)
  4 gnolls (D:3)
  2 howler monkey skeletons (D:7)
  A naga simulacrum (IceCv)
  6 adders
  3 white imps
  An ufetubus (D:7)
  A worm (D:3)
  2 dart slugs
  15 orcs
  7 ball pythons
  2 bat skeletons (D:5)
  3 bat zombies (D:5)
  8 endoplasms
  5 giant cockroaches
  4 goblins
  4 hobgoblins
  3 jackals (D:3)
  3 quokkas
  4 bats
  3 frilled lizards
  9 kobolds
  3 rats
223 creatures vanquished.

Notes
Turn   | Place    | Note
-------+----------+-------------------------------------------
     0 | D:1      | avis the Octopode Transmuter began the quest for the Orb.
     0 | D:1      | Reached XP level 1. HP: 13/13 MP: 3/3
   165 | D:1      | Reached XP level 2. HP: 18/19 MP: 1/5
   181 | D:1      | Reached skill level 1 in Stealth
   575 | D:1      | Reached XP level 3. HP: 24/24 MP: 4/6
   579 | D:1      | Learned a level 3 spell: Spider Form
   886 | D:2      | Reached skill level 4 in Unarmed Combat
  1288 | D:2      | Reached skill level 1 in Poison Magic
  1340 | D:2      | Found a sacrificial altar of Ru.
  1642 | D:3      | Reached XP level 4. HP: 23/29 MP: 5/7
  2048 | D:3      | Found a glowing golden altar of the Shining One.
  2050 | D:3      | Noticed an angel
  2062 | D:3      | Found a basalt altar of Yredelemnul.
  2064 | D:3      | Noticed a profane servitor
  2137 | D:3      | Found Pizirid's Jewellery Shop.
  2305 | D:4      | Noticed a necrophage
  2333 | D:4      | Killed a necrophage
  2334 | D:4      | Reached skill level 5 in Unarmed Combat
  2334 | D:4      | Reached XP level 5. HP: 32/34 MP: 4/8
  2372 | D:4      | Learned a level 4 spell: Ice Form
  2378 | D:4      | Noticed Menkaure
  2403 | D:4      | Killed Menkaure
  2404 | D:4      | Reached XP level 6. HP: 6/42 MP: 6/9
  2674 | D:4      | Noticed Pikel
  3383 | D:4      | Killed Pikel
  3384 | D:4      | Reached skill level 6 in Unarmed Combat
  3384 | D:4      | Reached skill level 5 in Fighting
  3384 | D:4      | Reached XP level 7. HP: 29/51 MP: 8/10
  3558 | D:4      | Found Foffioz's Weapon Shoppe.
  3558 | D:4      | Noticed Blork the orc
  3572 | D:4      | Killed Blork the orc
  3573 | D:4      | Reached XP level 8. HP: 25/57 MP: 11/11
  3822 | D:4      | Reached skill level 1 in Ice Magic
  3967 | D:4      | Found a sparkling altar of Nemelex Xobeh.
  4399 | D:5      | Entered Level 5 of the Dungeon
  4430 | D:5      | Found a blossoming altar of Fedhas.
  4451 | D:5      | Found a staircase to the Ecumenical Temple.
  4474 | D:5      | Noticed Ijyb
  4496 | D:5      | Noticed Prince Ribbit
  4507 | D:5      | Killed Prince Ribbit
  4640 | Temple   | Entered the Ecumenical Temple
  4696 | Temple   | Became a worshipper of Gozag Ym Sagoz the Greedy
  4869 | D:5      | Killed Ijyb
  5258 | D:5      | Found Dawost's Serpentskin Sales.
  5785 | D:5      | Noticed Edmund
  5817 | D:5      | Killed Edmund
  6046 | D:5      | Got Byvvowaf's Papyrus of Attacks and Black Rituals
  6114 | D:5      | Found an ancient bone altar of Kikubaaqudgha.
  6120 | D:5      | Reached XP level 9. HP: 62/62 MP: 13/13
  6383 | D:6      | Noticed Duvessa
  6384 | D:6      | Noticed Dowan
  6391 | D:6      | Killed Duvessa
  6392 | D:6      | Reached skill level 7 in Unarmed Combat
  6434 | D:6      | Killed Dowan
  7079 | D:6      | Reached skill level 5 in Dodging
  7247 | D:6      | Found a runed translucent door.
  7254 | D:6      | Found a runed translucent door.
  7317 | D:6      | HP: 1/62 [orc priest/divine providence (10)]
  8692 | D:3      | Bought a +4 ring of protection for 504 gold pieces
  8895 | D:7      | Reached skill level 5 in Transmutations
  9040 | D:7      | Found Tociweby's Antique Armour Shoppe.
  9490 | D:7      | Learned a level 3 spell: Ozocubu's Armour
  9970 | D:8      | Reached skill level 8 in Unarmed Combat
  9970 | D:8      | Reached XP level 10. HP: 71/71 MP: 14/16
 10052 | D:8      | Found a burning altar of Makhleb.
 10650 | D:5      | Bought a ring of poison resistance for 240 gold pieces
 10651 | D:5      | Upgraded the game from 0.28-a0-834-g1a73be5ee4 to
                  | 0.28-a0-845-gfc338a8e3c
 11071 | D:9      | Reached skill level 9 in Unarmed Combat
 11143 | D:9      | Noticed a death yak
 11149 | D:9      | Noticed a death yak
 11150 | D:9      | Found a staircase to the Lair.
 11150 | D:9      | Noticed a death yak
 11150 | D:9      | Noticed a death yak
 11151 | D:9      | Noticed a death yak
 11439 | D:8      | Killed a death yak
 11446 | D:8      | Killed a death yak
 11447 | D:8      | Reached skill level 5 in Stealth
 11692 | D:9      | Noticed a death yak
 11717 | D:7      | HP: 3/85 [death yak (21)]
 12057 | D:7      | Killed a death yak
 12296 | D:7      | Killed a death yak
 12609 | D:9      | Noticed a death yak
 12620 | D:8      | Killed a death yak
 12621 | D:8      | Reached XP level 11. HP: 46/77 MP: 17/17
 13038 | D:7      | Killed a death yak
 13039 | D:7      | Reached skill level 10 in Unarmed Combat
 13280 | D:8      | HP: 4/92 [death yak (22)]
 13639 | D:7      | Killed a death yak
 13730 | D:9      | Noticed a death yak
 13736 | D:9      | Killed a death yak
 14124 | D:9      | Found a hide-covered altar of Uskayaw.
 14530 | D:9      | Found Zin's Purification Station.
 14534 | D:9      | Found a glowing silver altar of Zin.
 14687 | Lair:1   | Entered Level 1 of the Lair of Beasts
 14735 | Lair:1   | Noticed a five-headed hydra
 14748 | Lair:1   | Killed a five-headed hydra
 14749 | Lair:1   | Reached skill level 5 in Ice Magic
 14775 | Lair:1   | You fall into a shaft and drop 1 floor!
 14821 | Lair:2   | Found a frozen archway.
 14831 | IceCv    | Entered an ice cave
 15586 | IceCv    | Reached XP level 12. HP: 65/87 MP: 15/18
 15736 | IceCv    | Reached skill level 10 in Fighting
 15949 | IceCv    | Found an ancient bone altar of Kikubaaqudgha.
 16172 | IceCv    | Reached skill level 10 in Dodging
 16877 | IceCv    | Reached skill level 11 in Unarmed Combat
 17171 | IceCv    | Slain by an entropy weaver simulacrum

Illustrated notes

Levels and vault maps discovered:
D:1:      onia_arrival_pentagram, layout_basic
D:2:      layout_rooms, serial_glass, glass_columns_c, glass_columns_c,
          due_unseen_surprise, basic_altar, amethyst_killhole
D:3:      layout_rooms, grunt_temple_overflow_holy_war, serial_shops, shop
D:4:      layout_gridville, mainiacjoe_overflow_small_starburst, serial_shops,
          nicolae_shop_stone, uniq_pikel, uniq_blork_the_orc, uniq_menkaure
D:5:      layout_loops_ring, kennysheep_vampire_church, fedhas_altar_3,
          minmay_temple_entry_statues_pillars, guppyfry_shop_venom, uniq_ijyb,
          uniq_edmund, uniq_prince_ribbit1
D:6:      lemuel_insect_pit, layout_loops_ring, uniq_duvessa
D:7:      layout_basic, serial_shops, nicolae_inconvenience_store, dk_vineyard_1
D:8:      layout_gridville, mainiacjoe_overflow_chevrons,
          nicolae_straight_to_the_point
D:9:      layout_irregular_city, zin_purify, mainiacjoe_overflow_24_doors,
          dpeg_lair_monsters
Temple:   cyrus_circular_temple
Lair:1:   layout_layer_cave, ebering_ghost_rock_garden,
          nicolae_volcano_entry_batcave
Lair:2:   layout_cave_shapes, portal_ice_cave_entry_pillars_1, disabler_island,
          grunt_megastairs_1, infiniplex_staircase_pool, lemuel_fruit_tree
IceCv:    ice_cave_small_necro

Skill      XL: |  1  2  3  4  5  6  7  8  9 10 11 12 |
---------------+-------------------------------------+-----
Fighting       | 2 3 5 6 7 8 9 10 | 10.0
Stealth        | 1 2 3 5 |  5.0
Unarmed Combat | 4 5 6 8 9 10 11 | 11.8
Poison Magic   | 1 2 |  2.0
Dodging        | 3 5 8 9 10 | 10.0
Transmutations | 4 5 6 |  6.0
Spellcasting   | 3 4 |  4.0
Ice Magic      | 4 6 |  6.0

Action                   |  1- 3 |  4- 6 |  7- 9 | 10-12 || total
-------------------------+-------+-------+-------+-------++-------
Melee: Unarmed           |    59 |    83 |   271 |   432 ||   845
       Tentacles         |    10 |     6 |     4 |       ||    20
       Constrict         |    19 |     8 |     2 |     1 ||    30
       Kick              |    15 |     4 |     4 |       ||    23
       Punch             |     2 |       |       |       ||     2
       Whip              |       |       |    12 |       ||    12
 Cast: Beastly Appendage |    22 |    16 |     4 |       ||    42
       Spider Form       |     1 |    10 |    50 |     8 ||    69
       Ice Form          |       |       |     3 |    38 ||    41
       Ozocubu's Armour  |       |       |       |    25 ||    25
  Use: Scroll            |       |       |     8 |     6 ||    14
       Potion            |       |       |     4 |     4 ||     8
 Stab: Sleeping          |    10 |     4 |     7 |     2 ||    23
       Distracted        |     1 |       |       |     1 ||     2
Armor: Skin              |     4 |     5 |    21 |   147 ||   177
Dodge: Dodged            |    19 |    59 |   243 |   225 ||   546

Table legend: (Time is in decaauts)
 A = Elapsed time spent in this place.
 B = Non-inter-level travel time spent in this place.
 C = Inter-level travel time spent in this place.
 D = Time resting spent in this place.
 E = Time spent auto-exploring this place.
 F = Levels seen in this place.
 G = Mean time per level.
                   A        B        C        D        E       F      G
               +--------+--------+--------+--------+--------+-----+--------+
         Total |  17099 |  15795 |   1304 |   7752 |   4449 |  13 | 1315.3 |
       Dungeon |  14529 |  13227 |   1302 |   6047 |   4406 |   9 | 1614.3 |
        Temple |    122 |    120 |      2 |      0 |     43 |   1 |  122.0 |
          Lair |    136 |    136 |      0 |      0 |      0 |   2 |   68.0 |
      Ice Cave |   2311 |   2311 |      0 |   1705 |      0 |   1 | 2311.0 |
               +--------+--------+--------+--------+--------+-----+--------+

Top non-repeatable levels by time:
     D:6: 2436 daAuts
     D:7: 2337 daAuts
   IceCv: 2311 daAuts
     D:5: 2035 daAuts
     D:8: 1930 daAuts
     D:4: 1741 daAuts
     D:3: 1227 daAuts
     D:9: 1138 daAuts
     D:1: 876 daAuts
     D:2: 806 daAuts
  Temple: 122 daAuts
  Lair:1: 81 daAuts
  Lair:2: 54 daAuts
